 Dungeon Crawl Stone Soup version 0.28.0-53-g5a82cb258f (webtiles) character file.

Game seed: 5225114152791067709

2358 Stomo the Fighter (level 9, -9/76 (82) HPs)
             Began as a Red Draconian Monk on July 17, 2022.
             Was a Priest of Ru.
             Mangled by an ogre
             ... wielding a +0 glaive
              (13 damage)
             ... in a bailey.
             The game lasted 00:09:21 (7158 turns).

Stomo the Fighter (Red Draconian Monk)              Turns: 7158, Time: 00:09:22

HP:   -9/76 (82)    AC: 10    Str: 23 (24) XL:     9   Next: 20%
MP:   8/8           EV: 14    Int: 10 (11) God:    Ru [***...]
Gold: 629           SH:  0    Dex: 10 (13) Spells: 8/8 levels left

rFire   + + .      SeeInvis .   c - +4 flail
rCold   . . .      Faith    .   (no shield)
rNeg    . . .      Spirit   .   (armour unavailable)
rPois   .          Reflect  .   (helmet restricted)
rElec   .          Harm     .   (no cloak)
rCorr   .          Rampage  .   t - +2 pair of gloves
Will    .....                   (no boots)
Stlth   ++........              (no amulet)
HPRegen 0.22/turn               d - +6 ring of strength
MPRegen 0.11/turn               l - ring of protection from fire

@: exhausted, drained, unable to read
A: breathe fire, AC +7, unfitting armour, fire resistance 1, low MP 1,
cold-blooded, inability to use devices, horns 1, inability to read while
threatened
a: Breathe Fire, Renounce Religion, Draw Out Power


You were in a bailey.
You worshipped Ru.
Ru was most pleased with you.
You visited 1 branch of the dungeon, and saw 7 of its levels.
You also visited: Ossuary and Bailey.

You collected 629 gold pieces.

Inventory:

Hand Weapons
 a - a +0 mace
 c - a +4 flail (weapon)
Missiles
 o - 2 throwing nets (quivered)
Armour
 t - a +2 pair of gloves (worn)
Jewellery
 d - a +6 ring of strength (left hand)
 l - a ring of protection from fire (right hand)
Wands
 m - a wand of paralysis (10)
Scrolls
 p - 7 scrolls of identify
 r - a scroll of fog
 s - 2 scrolls of magic mapping
 u - a scroll of enchant armour
 x - a scroll of teleportation {unknown}
 y - 2 scrolls of enchant weapon
Potions
 b - 2 potions of degeneration
 e - a potion of mutation
 f - 5 potions of curing
 g - 2 potions of haste {unknown}
 i - 2 potions of lignification {unknown}
 j - a potion of resistance {unknown}
 k - a potion of invisibility {unknown}
 n - 2 potions of berserk rage {unknown}
 q - 2 potions of brilliance {unknown}
 v - a potion of magic {unknown}
 w - a potion of attraction {unknown}
 z - a potion of cancellation {unknown}


   Skills:
 + Level 8.5 Fighting
 + Level 7.8 Maces & Flails
 + Level 7.1 Dodging
 - Level 1.7 Stealth


You had 8 spell levels left.
You didn't know any spells.
Your spell library contained the following spells:

 Spells                   Type           Power      Damage    Failure   Level
 Summon Small Mammal      Summ           0%         N/A       36%         1
 Call Canine Familiar     Summ           0%         N/A       75%         3
 Summon Guardian Golem    Hex/Summ       0%         N/A       75%         3


Dungeon Overview and Level Annotations

Branches:
Dungeon (7/15)             Temple (0/1) D:6         Ossuary (visited)
 Bailey (1/1)

Altars:
Hepliaklqana
Makhleb
Nemelex Xobeh
Ru
Xom

Annotations:
D:4 2 transporters, turdburglar's ghost, amateur KoEn


Innate Abilities, Weirdness & Mutations

You can breathe blasts of fire.
Your fiery red scales are hard. (AC +7)
You cannot fit into any form of body armour.
Your flesh is heat resistant. (rF+)
Your magical capacity is low. (-10% MP)
You are cold-blooded and may be slowed by cold attacks.
You cannot study or use magical devices.
You have a pair of small horns on your head.
You sometimes lose the ability to read scrolls when taking damage.


Message History

The ogre hits the ogre with a +0 halberd!!
The ogre hits you with a +0 halberd!
An ogre comes into view. It is wielding a +0 glaive.
The spriggan barely misses you.
You hit the spriggan.
The spriggan is severely wounded.
The ogre closely misses you. The ogre hits you but does no damage.
The spriggan barely misses you.
The ogre is stunned by your conviction and fails to attack.
Unknown command.
You barely miss the spriggan. You tail-slap the spriggan.
The spriggan is severely wounded.
The spriggan hits you with a +0 trident!
The ogre is stunned by your conviction and fails to attack.
The ogre hits you with a +0 halberd!!
* * * LOW HITPOINT WARNING * * *
You focus your inner power and blind the ogre in retribution!
The ogre hits you but does no damage.
Okay, then.
You cannot read scrolls in your current state!
You feel much better. The spriggan misses you. The ogre barely misses you.
The ogre closely misses you.
You feel much better.
The ogre hits you from afar with a +0 glaive!
The spriggan barely misses you. The ogre hits you with a +0 halberd!
Unknown command.
You hit the spriggan but do no damage.
The spriggan is severely wounded.
The ogre barely misses you.
The ogre hits you from afar with a +0 glaive!
* * * LOW HITPOINT WARNING * * *
The spriggan closely misses you.
Unknown command.
You sock the spriggan!
You kill the spriggan!
The ogre hits you with a +0 halberd!
* * * LOW HITPOINT WARNING * * *
The ogre closely misses you.
The ogre hits you from afar with a +0 glaive!
You die...

#.......
#≈≈≈≈≈# #≈≈≈≈≈#
###≈≈≈≈≈###
##.........##
##.....§§.§..##
#....§.§§O....#
##...§§§O)...##
##....§O@..##
###.....###
#######


You could see 3 ogres.

Vanquished Creatures
  A spriggan (Bailey)
  Sigmund (D:2)
  Eustachio (D:5)
  A water moccasin (D:6)
  3 sky beasts
  A black bear (D:7)
  A necrophage (D:6)
  An orc warrior (D:5)
  2 centaurs
  4 ogres
  2 scorpions
  A water moccasin zombie (D:5)
  A crimson imp (D:7)
  A centaur zombie (D:6)
  A jelly (D:7)
  3 hounds
  2 gnoll shamans
  Jessica (D:3)
  2 orc wizards (D:6)
  A killer bee zombie (D:7)
  7 mummies (Ossuary)
  A howler monkey zombie (D:6)
  10 adders
  7 gnolls
  A howler monkey skeleton (D:5)
  2 shadow imps
  A white imp (D:6)
  2 worms
  2 dart slugs (D:1)
  11 orcs
  4 endoplasms
  5 giant cockroaches
  2 gnoll zombies (Ossuary)
  9 goblins
  3 hobgoblins
  2 jackals (D:5)
  5 ball pythons
  6 bats
  5 frilled lizards
  3 hobgoblin zombies (Ossuary)
  6 kobolds
  A kobold zombie (Ossuary)
  2 orc zombies (Ossuary)
  A rat (D:1)
129 creatures vanquished.

Vanquished Creatures (others)
  An iguana (D:5)
  A mummy (Ossuary)
2 creatures vanquished.

Grand Total: 131 creatures vanquished

Notes
Turn   | Place    | Note
-------+----------+-------------------------------------------
     0 | D:1      | Stomo the Draconian Monk began the quest for the Orb.
     0 | D:1      | Reached XP level 1. HP: 19/19 MP: 1/1
   319 | D:1      | Noticed a shining eye
   321 | D:1      | Found a faded altar of an unknown god.
   323 | D:1      | Noticed a shining eye
   323 | D:1      | Noticed an eye of devastation
   323 | D:1      | Noticed an eye of devastation
   341 | D:1      | Reached XP level 2. HP: 13/26 MP: 2/2
  1206 | D:2      | Reached XP level 3. HP: 33/33 MP: 3/3
  1372 | D:2      | Noticed Sigmund
  1762 | D:2      | Killed Sigmund
  1763 | D:2      | Reached skill level 4 in Fighting
  1763 | D:2      | Reached XP level 4. HP: 34/41 MP: 4/4
  1763 | D:2      | Reached XP level 5. HP: 40/47 MP: 5/5
  2356 | D:3      | Noticed Jessica
  2358 | D:3      | Killed Jessica
  2721 | D:3      | Reached skill level 5 in Fighting
  3205 | D:3      | Reached XP level 6. HP: 56/56 MP: 6/6
  3643 | D:4      | Found a sacrificial altar of Ru.
  3653 | D:4      | Became a worshipper of Ru the Awakened
  3671 | D:4      | Gained mutation: You cannot study or use magical devices.
                  | [Ru sacrifice]
  3671 | D:4      | Reached * piety under Ru
  3671 | D:4      | Reached ** piety under Ru
  3767 | D:4      | Found a transporter.
  3932 | D:4      | Found a transporter.
  3935 | D:4      | Noticed turdburglar's ghost (amateur KoEn)
  4066 | D:5      | Entered Level 5 of the Dungeon
  4093 | D:5      | Noticed Eustachio
  4129 | D:4      | Reached skill level 5 in Maces & Flails
  4144 | D:5      | Killed Eustachio
  4145 | D:5      | Your scales start taking on a fiery red colour.
  4145 | D:5      | Reached XP level 7. HP: 60/62 MP: 7/7
  4145 | D:5      | Gained mutation: Your flesh is heat resistant. (rF+) [Red
                  | Draconian growth]
  4180 | D:5      | Reached skill level 5 in Dodging
  4188 | D:5      | Reached skill level 6 in Fighting
  5070 | D:6      | Found a sand-covered staircase.
  5081 | D:6      | Reached XP level 8. HP: 69/71 MP: 8/8
  5119 | Ossuary  | Entered an ossuary
  5251 | Ossuary  | Reached skill level 7 in Fighting
  5957 | D:6      | Found a sparkling altar of Nemelex Xobeh.
  6116 | D:6      | Found a staircase to the Ecumenical Temple.
  6222 | D:6      | Found a hazy altar of Hepliaklqana.
  6236 | D:6      | Gained mutation: Your magical capacity is low. (-10% MP)
                  | [Ru sacrifice]
  6236 | D:6      | Reached *** piety under Ru
  6336 | D:6      | Reached skill level 8 in Fighting
  6610 | D:7      | Found a shimmering altar of Xom.
  6611 | D:7      | Found a burning altar of Makhleb.
  6798 | D:7      | Reached XP level 9. HP: 81/81 MP: 8/8
  7091 | D:7      | Found a flagged portal.
  7114 | Bailey   | Entered a bailey
  7144 | Bailey   | Gained mutation: You sometimes lose the ability to read
                  | scrolls when taking damage. [potion of mutation]
  7144 | Bailey   | Gained mutation: You have a pair of small horns on your
                  | head. [potion of mutation]
  7144 | Bailey   | HP: 1/80 [ogre/+0 halberd (14)]
  7158 | Bailey   | Mangled by an ogre

Illustrated notes

Levels and vault maps discovered:
D:1:      minmay_arrival_solitary_statue, layout_loops_corners,
          hellmonk_ecumenical_altar_watching_god, minmay_cupped
D:2:      layout_loops_corners, uniq_sigmund
D:3:      layout_loops_ring, uniq_jessica
D:4:      layout_cave_pools, overflow_temple_1_default,
          gammafunk_ghost_mausoleum, grunt_decor_one_mirror
D:5:      layout_loops_cross, uniq_eustachio
D:6:      layout_cave_pools, mainiacjoe_overflow_cross_hatched,
          nicolae_overflow_hidden_temple, minmay_temple_entry_enclosed_plants,
          nicolae_ossuary_entry_false_entrances
D:7:      layout_basic, grunt_temple_overflow_champion_of_chaos, enter_bailey_3,
          grunt_ministairs_12
Bailey:   bailey_polearm_enchanted_keep_hellmonk, bailey

Skill      XL: |  1  2  3  4  5  6  7  8  9 |
---------------+----------------------------+-----
Dodging        | 3 4 5 6 7 |  7.1
Fighting       | 4 5 6 8 |  8.5
Maces & Flails | 4 5 6 7 |  7.8
Stealth        | |  1.7

Action                   |  1- 3 |  4- 6 |  7- 9 || total
-------------------------+-------+-------+-------++-------
Melee: Flail             |    46 |   117 |   230 ||   393
       Tailslap          |     7 |    13 |    24 ||    44
       Mace              |     1 |       |       ||     1
       Punch             |     3 |       |     4 ||     7
       Headbutt          |       |       |     1 ||     1
Invok: Sacrifice Artific |       |     1 |       ||     1
       Sacrifice Essence |       |       |     1 ||     1
       Draw Out Power    |       |       |     2 ||     2
 Abil: Breathe Fire      |       |       |     7 ||     7
  Use: Scroll            |     2 |       |     7 ||     9
       Potion            |       |       |     8 ||     8
 Stab: Sleeping          |     3 |     5 |       ||     8
       Invisible         |       |       |     2 ||     2
Armor: Skin              |    12 |    38 |    93 ||   143
Dodge: Dodged            |    30 |   115 |   234 ||   379
